 Dungeon Crawl Stone Soup version 0.24.0-13-gcf9b319 (webtiles) character file.

Game seed: 1376113394704303308, levelgen mode: deterministic

1652 Fang the Skirmisher (level 9, -3/56 HPs)
             Began as a Gargoyle Berserker on Nov 19, 2019.
             Was a Believer of Trog.
             Killed from afar by Dowan (16 damage)
             ... with a shard of ice
             ... on level 5 of the Dungeon.
             The game lasted 00:07:55 (5063 turns).

Fang the Skirmisher (Gargoyle Berserker)            Turns: 5063, Time: 00:07:56

Health: -3/56      AC: 20    Str: 24    XL:     9   Next: 0%
Magic:  9/9        EV:  8    Int:  8    God:    Trog [**....]
Gold:   332        SH:  0    Dex:  9    Spells: 8/8 levels left

rFire    . . .     SeeInvis .   a - +0 hand axe
rCold    . . .     Gourm    .   (no shield)
rNeg     + . .     Faith    .   b - +0 plate armour
rPois    ∞         Spirit   .   (no helmet)
rElec    +         Reflect  .   y - scarf {repulsion}
rCorr    .         Harm     .   u - +0 pair of gloves (curse)
MR       ++...                  (no boots)
Stlth    ..........             (no amulet)
HPRegen  1.18/turn              (no ring)
MPRegen  0.11/turn              (no ring)

@: berserk cooldown, regenerating, slowed, repel missiles, very slow
A: negative energy resistance 1, electricity resistance, unbreathing,
petrification resistance, rot immunity, AC +6
a: Berserk, Trog's Hand, Renounce Religion


You were on level 5 of the Dungeon.
You worshipped Trog.
Trog was pleased with you.
You were near starving.

You visited 2 branches of the dungeon, and saw 8 of its levels.

You collected 332 gold pieces.

Inventory:

Hand Weapons
 a - a +0 hand axe (weapon)
Armour
 b - a +0 plate armour (worn)
 u - a cursed +0 pair of gloves (worn)
 y - a scarf of repulsion (worn)
 F - a +2 cloak
Wands
 v - a wand of paralysis (7)
 A - a wand of flame (21)
 D - a wand of polymorph (2)
Scrolls
 d - 5 scrolls of identify {unknown}
 f - 2 scrolls of immolation {unknown}
 i - 2 scrolls of amnesia {unknown}
 j - 3 scrolls of teleportation {unknown}
 k - 2 scrolls of magic mapping {unknown}
 n - a scroll of blinking {unknown}
 o - 2 scrolls of fear {unknown}
 r - 2 scrolls of noise {unknown}
 s - a scroll of random uselessness {unknown}
 w - a scroll of fog {unknown}
 z - a scroll of enchant weapon {unknown}
 E - a scroll of brand weapon {unknown}
Potions
 e - 4 potions of curing {unknown}
 g - 4 potions of haste {unknown}
 h - 6 potions of heal wounds {unknown}
 l - 2 potions of degeneration {unknown}
 m - a potion of resistance {unknown}
 p - a potion of cancellation {unknown}
 q - 2 potions of magic {unknown}
 t - 2 potions of ambrosia {unknown}
 x - a potion of flight {unknown}
 B - 2 potions of might {unknown}
Comestibles
 c - 12 rations


   Skills:
 + Level 6.9 Fighting
 + Level 5.7 Axes
 + Level 6.4 Armour
 + Level 4.8 Dodging


You had 8 spell levels left.
You didn't know any spells.
Your spell library was empty.

Dungeon Overview and Level Annotations

Branches:
Dungeon (7/15)             Temple (1/1) D:6

Altars:
Elyvilon
Hepliaklqana
Ru
Wu Jian
Xom

Shops:
D:7 }

Annotations:
D:5 Dowan


Innate Abilities, Weirdness & Mutations

You are resistant to torment.
Your stone body is resilient. (AC +6)
You are immune to poison.
You resist negative energy. (rN+)
You are resistant to electric shocks. (rElec)
You can survive without breathing.
You are immune to petrification.
You are immune to rotting.


Message History

* * * LOW HITPOINT WARNING * * *
You feel a strong urge to attack something.
You are no longer berserk.
Trog's vigour flows through your veins.
You are exhausted.
You feel yourself slow down.
Dowan points at you and mumbles some strange words.
The shard of ice is repelled.
You closely miss Dowan. Dowan hits you but does no damage.
Dowan closely misses you.
Your skin crawls.
You feel resistant to hostile enchantments.
You are near starving!
Dowan casts a spell at you. The shard of ice hits you.
* * * LOW HITPOINT WARNING * * *
The orc hits you but does no damage. Dowan casts a spell at you.
The shard of ice hits you!
You die...

##........###[[..# .
##......#......#### #
##..>.........#.######.#
#...>............#.<...##
#...(...................#
#..).(..(................#
#..........)............[<.
#.!........................
##........@o...............
#.........e....[(..........
#........................#.
#........................#
#.................
..........#....).
#......%.##...... ......#
......


You could see Dowan and an orc.

Vanquished Creatures
  Menkaure (D:4)
  Duvessa (D:5)
  A phantom (D:6)
  An ice beast (D:3)
  2 ogres
  2 centaurs (D:6)
  4 bullfrogs
  A gnoll sergeant (D:6)
  A howler monkey (D:5)
  A crimson imp (D:6)
  4 hounds
  A centaur skeleton (D:7)
  An orc priest (D:3)
  3 iguanas
  2 orc wizards (D:5)
  A worker ant (D:4)
  A hound zombie (D:7)
  6 adders
  7 gnolls (D:6)
  5 worms
  5 leopard geckos
  8 orcs
  3 bats
  4 giant cockroaches
  4 goblins
  3 hobgoblins
  4 jackals (D:4)
  5 kobolds
  A quokka (D:5)
  A ball python (D:2)
  2 frilled lizards
  A leopard gecko skeleton (D:7)
  4 rats
  A bush (D:1)
  A plant (D:1)
93 creatures vanquished.

Notes
Turn   | Place    | Note
-------+----------+-------------------------------------------
     0 | D:1      | Fang the Gargoyle Berserker began the quest for the Orb.
     0 | D:1      | Reached XP level 1. HP: 14/14 MP: 1/1
   708 | D:1      | Reached XP level 2. HP: 17/19 MP: 2/2
  1300 | D:2      | Reached XP level 3. HP: 21/23 MP: 3/3
  1446 | D:2      | Reached XP level 4. HP: 18/29 MP: 4/4
  1779 | D:3      | Reached XP level 5. HP: 30/33 MP: 5/5
  1793 | D:3      | Reached ** piety under Trog
  2291 | D:3      | Noticed an ice beast
  2304 | D:3      | Killed an ice beast
  2304 | D:3      | Reached XP level 6. HP: 28/39 MP: 6/6
  2502 | D:3      | Found a faded altar of an unknown god.
  3092 | D:4      | Noticed Menkaure
  3099 | D:4      | Killed Menkaure
  3544 | D:5      | Entered Level 5 of the Dungeon
  3555 | D:5      | Reached skill level 5 in Fighting
  3565 | D:5      | Reached XP level 7. HP: 44/44 MP: 7/7
  3593 | D:5      | You fall into a shaft and drop 2 floors!
  3622 | D:7      | Found a white marble altar of Elyvilon.
  4004 | D:7      | Reached skill level 5 in Armour
  4175 | D:7      | Found Kosmaf's Gadget Shop.
  4353 | D:6      | Found an ornate altar of the Wu Jian Council.
  4389 | D:6      | Reached XP level 8. HP: 50/51 MP: 8/8
  4416 | D:6      | Found a staircase to the Ecumenical Temple.
  4450 | D:6      | Reached skill level 5 in Axes
  4458 | Temple   | Entered the Ecumenical Temple
  5038 | D:5      | Noticed Duvessa
  5042 | D:5      | Noticed Dowan
  5053 | D:5      | Killed Duvessa
  5053 | D:5      | Reached XP level 9. HP: 32/56 MP: 9/9
  5063 | D:5      | Killed from afar by Dowan

Levels and vault maps discovered:
D:1:      kilobyte_arrival_exit_the_forest, layout_loops_ring, serial_forest,
          infiniplex_forest_zigzag_2, infiniplex_forest_join,
          infiniplex_forest_clump_long, infiniplex_forest_zigzag_1,
          infiniplex_forest_lined_room_3
D:2:      layout_basic, first_ration
D:3:      layout_basic, chequers_ecumenical_altar_island,
          chequers_serial_rivers_large_a, minmay_liquid_box
D:4:      layout_basic, minmay_misc_feat_x, uniq_menkaure
D:5:      layout_rooms, uniq_duvessa
D:6:      layout_rooms, lemuel_round_altar, minmay_temple_entry_slanted,
          eino_small_chamber_without_monster
D:7:      layout_loops_cross, serial_shops, shop, elyvilon_altar_3
Temple:   cyrus_circular_temple

Skill      XL: |  1  2  3  4  5  6  7  8 |
---------------+-------------------------+-----
Axes           | 3 4 5 |  5.7
Dodging        | 2 3 4 |  4.8
Armour         | 3 4 5 6 |  6.4
Fighting       | 4 5 6 |  6.9

Action                   |  1- 3 |  4- 6 |  7- 9 || total
-------------------------+-------+-------+-------++-------
Melee: Hand axe          |   286 |   122 |   214 ||   622
       Unarmed           |       |       |     6 ||     6
Invok: Berserk           |       |     3 |     2 ||     5
       Trog's Hand       |       |       |     2 ||     2
 Stab: Confused          |       |       |     1 ||     1
  Eat: Chunk             |     2 |     7 |     6 ||    15
       Ration            |       |     1 |       ||     1
Armor: Animal skin       |     3 |       |       ||     3
       Chain mail        |    60 |    49 |       ||   109
       Plate armour      |       |    69 |   217 ||   286
       Skin              |       |       |     1 ||     1
Dodge: Dodged            |    45 |    55 |   105 ||   205
       Deflected         |       |       |     7 ||     7
